 Dungeon Crawl Stone Soup version 0.30-a0-627-gc11e7ae810 (webtiles) character file.

Game seed: 6426238844005285286

25 BaabKaare the Shield-Bearer (level 2, -28/29 HPs)
             Began as a Troll Fighter on Jan 12, 2023.
             Engulfed by a cloud of flame (32 damage)
             ... on level 1 of the Dungeon.
             The game lasted 00:03:05 (1295 turns).

BaabKaare the Shield-Bearer (Troll Fighter)         Turns: 1295, Time: 00:03:06

Health: -28/29     AC:  4    Str: 23    XL:     2   Next: 82%
Magic:  1/1        EV:  8    Int:  4    God:
Gold:   37         SH:  7    Dex:  9    Spells: 1/1 levels left

rFire   . . .      SeeInvis .    a - +0 flail
rCold   . . .      Faith    .    c - +0 kite shield
rNeg    . . .      Spirit   .    b - +0 robe
rPois   .          Reflect  .    (helmet restricted)
rElec   .          Harm     .    (no cloak)
rCorr   .          Rampage  .    (gloves unavailable)
Will    .....                    (boots unavailable)
Stlth   +                        (no amulet)
HPRegen 1.04/turn                (no ring)
MPRegen 0.07/turn                (no ring)

@: no status effects
A: large, unfitting armour, claws 3, regeneration 1, shaggy fur 1, tough skin 1
a: no special abilities


You were on level 1 of the Dungeon.
You visited 1 branch of the dungeon, and saw 2 of its levels.

You collected 37 gold pieces.

Inventory:

Hand Weapons
 a - a +0 flail (weapon)
Armour
 b - a +0 robe (worn)
 c - a +0 kite shield (worn)
Scrolls
 e - a scroll of amnesia {unknown}
 g - a scroll of poison
Potions
 d - 2 potions of might


   Skills:
 + Level 2.7 Fighting
 + Level 2.2 Maces & Flails
 + Level 2.6 Dodging
 + Level 2.9 Shields


You had one spell level left.
You didn't know any spells.
Your spell library was empty.

Dungeon Overview and Level Annotations

Branches:
Dungeon (2/15)

Altars:


Innate Abilities, Weirdness & Mutations

You are too large for most types of armour.
You have claws for hands.
Your natural rate of healing is unusually fast.
You are covered in fur. (AC +1)
You have tough skin. (AC +1)


Message History

The rat bites you.
You hit the rat.
You kill the rat!
There is a stone staircase leading down here.
You climb downwards.
Found a potion of might.
There is a stone staircase leading up here.
d - 2 potions of might (gained 1)
There is a stone staircase leading up here.
You climb upwards.
There is a stone staircase leading down here.
Partly explored, can't reach some items and places.
Partly explored, can't reach some items and places.
Really walk into a travel-excluded area? [Y]es or [N]o only, please.
Really walk into a travel-excluded area? [Y]es or [N]o only, please.
Really walk into a travel-excluded area?
Uppercase [Y]es or [N]o only, please.
Really walk into a travel-excluded area?
You are engulfed in blazing flames.
Ouch! That really hurt!
You start resting.
HP restored.
It was a potion of curing.
You feel better.
You start waiting.
Done waiting.
You start waiting.
Done waiting.
Really walk into a travel-excluded area? [Y]es or [N]o only, please.
Really walk into a travel-excluded area? [Y]es or [N]o only, please.
Really walk into a travel-excluded area?
You are engulfed in blazing flames.
Ouch! That really hurt!
* * * LOW HITPOINT WARNING * * *
You are engulfed in blazing flames.
Ouch! That really hurt!
You die...

###.# #.# #..#..#.# ..#.#
########.# ##.#..#.# #.#.###
##........#####.#.##.# #.....#
#...#####.......#.##.# ###.###
#○§°# #.#######.##.# ### #☼○.#
#.#.......##.# ##### #§☼§#
#.#.#####.##.#
#...#####...#####...####...#.#
#..#.§§§.?.[.§@§.............#
#....☼○..$...§°☼..######...###
#.##.§§...!..§°☼..# ##.##
#.#*#####...#####.# #.#
###.### #§§§# #.# #.# ..†...#
#§°§# #.# #.# ###.### #.°☼#
#.# #.# #.# #.).### #.# #.#
#.# *#.##.# ### #.#


There were no monsters in sight!

Vanquished Creatures
  A bat (D:1)
  An endoplasm (D:1)
  2 giant cockroaches (D:1)
  2 goblins (D:1)
  2 hobgoblins (D:1)
  4 jackals (D:1)
  2 quokkas (D:1)
  2 ball pythons (D:1)
  A frilled lizard (D:1)
  3 kobolds
  A rat (D:1)
21 creatures vanquished.

Notes
Turn   | Place    | Note
-------+----------+-------------------------------------------
     0 | D:1      | BaabKaare the Troll Fighter began the quest for the Orb.
     0 | D:1      | Reached XP level 1. HP: 22/22 MP: 0/0
   287 | D:1      | Reached XP level 2. HP: 23/29 MP: 1/1
  1295 | D:1      | Engulfed by a cloud of flame

Illustrated notes

Levels and vault maps discovered:
D:1:      tarquinn_simple_flora_water_c, layout_loops_ring, lemuel_flame_loot_1
D:2:      layout_loops_cross, uniq_terence

Skill      XL: |  1  2 |
---------------+-------+-----
Maces & Flails | 2 |  2.2
Fighting       | |  2.7
Dodging        | |  2.6
Shields        | |  2.9

Action                   || total
-------------------------++-------
Melee: Flail             ||    66
  Use: Scroll            ||     4
       Potion            ||     1
Armor: Robe              ||    24
Dodge: Dodged            ||    33
Block: Kite shield       ||    32

Table legend: (Time is in decaauts)
 A = Elapsed time spent in this place.
 B = Non-inter-level travel time spent in this place.
 C = Inter-level travel time spent in this place.
 D = Time resting spent in this place.
 E = Time spent auto-exploring this place.
 F = Levels seen in this place.
 G = Mean time per level.
                   A        B        C        D        E       F      G
               +--------+--------+--------+--------+--------+-----+--------+
         Total |   1324 |   1322 |      2 |    517 |    398 |   2 |  662.0 |
       Dungeon |   1324 |   1322 |      2 |    517 |    398 |   2 |  662.0 |
               +--------+--------+--------+--------+--------+-----+--------+

Top non-repeatable levels by time:
     D:1: 1298 daAuts
     D:2: 25 daAuts
